 Dungeon Crawl Stone Soup version 0.29-a0-973-gac7da5f7f0 (webtiles) character file.

Game seed: 206373873338292129

116 purpskrrrp the Shooter (level 5, -5/39 HPs)
             Began as a Formicid Hunter on Aug 1, 2022.
             Was a Believer of Trog.
             Slain by an orc
             ... wielding a +0 flail
              (6 damage)
             ... on level 2 of the Dungeon.
             The game lasted 00:08:39 (1617 turns).

purpskrrrp the Shooter (Formicid Hunter)            Turns: 1617, Time: 00:08:40

Health: -5/39      AC:  5    Str: 17    XL:     5   Next: 20%
Magic:  0/5        EV:  7    Int:  9    God:    Trog [**....]
Gold:   101        SH: 11    Dex: 17    Spells: 4/4 levels left

rFire   . . .      SeeInvis +   a - +0 shortbow
rCold   . . .      Faith    .   d - +0 tower shield
rNeg    . . .      Spirit   +   i - +0 ring mail
rPois   .          Reflect  .   (helmet unavailable)
rElec   .          Harm     .   (no cloak)
rCorr   .          Rampage  .   (no gloves)
Will    .....                   (no boots)
Stlth   +.........              e - amulet of guardian spirit
HPRegen 0.13/turn               (no ring)
MPRegen 0.09/turn               (no ring)

@: no status effects
A: permanent stasis, dig shafts and tunnels, antennae 3, four strong arms
a: Dig, Shaft Self, Renounce Religion, Trog's Hand


You were on level 2 of the Dungeon.
You worshipped Trog.
Trog was pleased with you.
You visited 1 branch of the dungeon, and saw 3 of its levels.

You collected 101 gold pieces.

Inventory:

Hand Weapons
 a - a +0 shortbow (weapon)
Armour
 c - a +0 leather armour
 d - a +0 tower shield (worn)
 i - a +0 ring mail (worn)
Jewellery
 e - an amulet of guardian spirit (around neck)
Scrolls
 b - a scroll of immolation
 f - 2 scrolls of teleportation
 g - a scroll of enchant weapon
Potions
 h - a potion of attraction
 j - a potion of mutation


   Skills:
 - Level 2.3 Fighting
 + Level 6.1 Ranged Weapons
 - Level 1.7 Dodging
 - Level 1.2 Stealth


You had 4 spell levels left.
You didn't know any spells.
Your spell library was empty.

Dungeon Overview and Level Annotations

Branches:
Dungeon (3/15)

Altars:
Trog


Innate Abilities, Weirdness & Mutations

You cannot be hasted, slowed, berserked, paralysed or teleported.
You can dig through walls and to a lower floor.
You have a pair of large antennae on your head. (SInv)
Your four strong arms can wield two-handed weapons with a shield.


Message History

You feel better. The bat hits you. The bat hits you but does no damage.
The orc hits you with a +0 flail. x2; You block the orc priest's attack.
Okay, then.
Okay, then.
You feel better. The bat hits you but does no damage.
You block the orc's attack.
The orc priest mumbles some strange prayers to Beogh against you.
Beogh smites you! You block the orc's attack.
Fire: a) +0 shortbow
Press: ? - help, Shift-Dir - straight line, f - orc priest
Aim: an orc priest, wielding a +0 flail (severely wounded, 63% to hit)
You shoot an arrow.
The arrow closely misses the orc priest.
You block the bat's attack. x3
The orc priest mumbles some strange prayers to Beogh against you.
Beogh smites you!
* * * LOW HITPOINT WARNING * * *
The orc barely misses you. The orc hits you with a +0 flail.
* * * LOW HITPOINT WARNING * * *
The orc barely misses you.
The orc priest miscasts a cantrip.
The orc closely misses you.
The orc priest attacks as you move away!
The orc priest closely misses you. The bat completely misses you.
Fire: a) +0 shortbow
Press: ? - help, Shift-Dir - straight line, f/p - orc priest
Aim: an orc priest, wielding a +0 flail (severely wounded, 63% to hit)
You shoot an arrow. The arrow hits the orc priest!
You kill the orc priest!
Trog accepts your kill. The bat barely misses you. You block the orc's attack.
The orc closely misses you.
Your Ranged Weapons skill increases to level 6!
You have reached level 5!
The orc attacks as you move away! You block the orc's attack.
The orc attacks as you move away! The orc closely misses you.
The bat hits you but does no damage. The bat hits you.
* * * LOW HITPOINT WARNING * * *
The orc hits you with a +0 flail.
You die...

#...# #...# ##..#
#..# ##########..#
#...........#
###.########..###
....########..o.###
###.............@.#
#)########...o#.#
#.# #....b>.##.#
#.####.#...#.##.#
#.##.........##.#
#.##.>........#.#
#.##............#
#.#...........###
#..............#


You could see 2 orcs and a bat.

Vanquished Creatures
  An orc priest (D:2)
  2 adders (D:2)
  3 dart slugs
  4 ball pythons
  4 bats
  5 endoplasms
  2 giant cockroaches
  8 goblins
  A hobgoblin (D:2)
  11 jackals (D:2)
  10 kobolds
  A quokka (D:2)
  A frilled lizard (D:2)
  3 rats
56 creatures vanquished.

Vanquished Creatures (others)
  A plant (D:2)
1 creature vanquished.

Grand Total: 57 creatures vanquished

Notes
Turn   | Place    | Note
-------+----------+-------------------------------------------
     0 | D:1      | purpskrrrp the Formicid Hunter began the quest for the Orb.
     0 | D:1      | Reached XP level 1. HP: 16/16 MP: 1/1
    58 | D:1      | You fall into a shaft and drop 1 floor!
    63 | D:2      | Found a faded altar of an unknown god.
   111 | D:2      | Prayed at the altar of an unknown god.
   111 | D:2      | Became a worshipper of Trog the Wrathful
   111 | D:2      | Reached * piety under Trog
   211 | D:2      | Reached XP level 2. HP: 15/23 MP: 2/2
   419 | D:2      | Reached XP level 3. HP: 28/28 MP: 3/3
   525 | D:2      | Reached skill level 5 in Ranged Weapons
   676 | D:2      | Reached XP level 4. HP: 34/34 MP: 4/4
   950 | D:1      | Reached ** piety under Trog
  1613 | D:2      | HP: 1/34 [orc/+0 flail (2)]
  1616 | D:2      | Reached skill level 6 in Ranged Weapons
  1616 | D:2      | Reached XP level 5. HP: 1/39 MP: 0/5
  1617 | D:2      | Slain by an orc

Illustrated notes

Levels and vault maps discovered:
D:1:      amcnicky_arrival_single_pillar, layout_loops_cross
D:2:      layout_loops_ring, shapermc_ecumenical_altar_ellora,
          minmay_hexomino_p4
D:3:      layout_loops_ring, portal_sewer_entry_b, grunt_ministairs_7

Skill      XL: |  1  2  3  4 |
---------------+-------------+-----
Ranged Weapons | 5 6 |  6.1
Fighting       | |  2.3
Dodging        | |  1.7
Stealth        | |  1.2

Action                   |  1- 3 |  4- 6 || total
-------------------------+-------+-------++-------
 Fire: Shortbow          |    68 |    68 ||   136
 Abil: Dig               |       |     1 ||     1
  Use: Scroll            |       |     8 ||     8
       Potion            |       |     2 ||     2
Armor: Leather armour    |    10 |     3 ||    13
       Ring mail         |       |     4 ||     4
Dodge: Dodged            |    46 |    20 ||    66
Block: Tower shield      |       |    12 ||    12

Table legend: (Time is in decaauts)
 A = Elapsed time spent in this place.
 B = Non-inter-level travel time spent in this place.
 C = Inter-level travel time spent in this place.
 D = Time resting spent in this place.
 E = Time spent auto-exploring this place.
 F = Levels seen in this place.
 G = Mean time per level.
                   A        B        C        D        E       F      G
               +--------+--------+--------+--------+--------+-----+--------+
         Total |   1656 |   1607 |     49 |      0 |   1249 |   3 |  552.0 |
       Dungeon |   1656 |   1607 |     49 |      0 |   1249 |   3 |  552.0 |
               +--------+--------+--------+--------+--------+-----+--------+

Top non-repeatable levels by time:
     D:2: 943 daAuts
     D:1: 637 daAuts
     D:3: 75 daAuts
